 Dungeon Crawl Stone Soup version 0.28-a0-1506-g3893175d92 (webtiles) character file.

Game seed: 7773172280183463710

1011 voltaire321 the Magician (level 8, -1/45 HPs)
             Began as a Deep Elf Earth Elementalist on Jan 14, 2022.
             Was a Follower of Sif Muna.
             Shot with an arrow by a centaur (9 damage)
             ... on level 6 of the Dungeon.
             The game lasted 00:13:40 (6742 turns).

voltaire321 the Magician (DEEE)                     Turns: 6742, Time: 00:13:41

Health: -1/45      AC:  3    Str:  7    XL:     8   Next: 1%
Magic:  2/18       EV: 14    Int: 21    God:    Sif Muna [*.....]
Gold:   308        SH:  0    Dex: 15    Spells: 12/18 levels left

rFire   . . .      SeeInvis .   p - +0 flail (protect)
rCold   . . .      Faith    .   (no shield)
rNeg    . . .      Spirit   .   b - +0 robe
rPois   .          Reflect  .   (no helmet)
rElec   .          Harm     .   r - +0 cloak
rCorr   .          Rampage  .   (no gloves)
Will    .....                   (no boots)
Stlth   ++........              g - amulet of magic regeneration
HPRegen 0.15/turn               (no ring)
MPRegen 0.56/turn               (no ring)

@: very slightly contaminated
A: no striking features
a: Renounce Religion, Channel Magic


You were on level 6 of the Dungeon.
You worshipped Sif Muna.
Sif Muna was aware of your devotion.
You visited 2 branches of the dungeon, and saw 7 of its levels.

You collected 328 gold pieces.
You spent 20 gold pieces at shops.

Inventory:

Hand Weapons
 p - a +0 flail of protection (weapon)
Missiles
 c - 51 stones
Armour
 b - a +0 robe (worn)
 r - a +0 cloak (worn)
Jewellery
 d - a ring of fire
 g - an amulet of magic regeneration (around neck)
 s - the ring of Yruismog {rElec Str+3 Dex-2 SInv}
   (You found it on level 5 of the Dungeon)

   [ring of see invisible]

   Str:       It affects your strength (+3).
   Dex:       It affects your dexterity (-2).
   rElec:     It insulates you from electricity.
   SInv:      It lets you see invisible.
Wands
 i - a wand of paralysis (3)
Scrolls
 e - 2 scrolls of amnesia {unknown}
 j - a scroll of magic mapping {unknown}
 k - a scroll of torment {unknown}
 n - 2 scrolls of teleportation {unknown}
 q - 2 scrolls of enchant weapon {unknown}
 t - a scroll of silence {unknown}
Potions
 a - a potion of magic
 f - 2 potions of brilliance
 h - 2 potions of mutation
 l - 3 potions of might {unknown}
 m - 5 potions of curing
 o - a potion of heal wounds
 u - a potion of attraction {unknown}


   Skills:
 + Level 2.7 Fighting
 + Level 4.9 Dodging
 - Level 2.4 Stealth
 + Level 5.5 Spellcasting
 + Level 3.4 Conjurations
 + Level 4.0 Transmutations
 + Level 5.1 Earth Magic
 + Level 2.7 Invocations


You had 12 spell levels left.
You knew the following spells:

 Your Spells              Type           Power      Damage    Failure   Level
a - Sandblast             Erth           54%        2d13      1%          1
b - Passwall              Tmut/Erth      20%        N/A       2%          2
c - Stone Arrow           Conj/Erth      46%        3d9       5%          3

Your spell library contained the following spells:

 Spells                   Type           Power      Damage    Failure   Level
 Slow                     Hex            20%        N/A       11%         1
 Petrify                  Tmut/Erth      24%        N/A       16%         4
 Confusing Touch          Hex            5%         N/A       30%         3
 Frozen Ramparts          Ice            10%        1d3       30%         3
 Vampiric Draining        Necr           5%         2d6       30%         3
 Ice Form                 Ice/Tmut       14%        N/A       41%         4
 Summon Ice Beast         Ice/Summ       5%         N/A       71%         4
 Summon Mana Viper        Hex/Summ       5%         N/A       96%         5
 Monstrous Menagerie      Summ           2%         N/A       100%        7


Dungeon Overview and Level Annotations

Branches:
Dungeon (6/15)             Temple (1/1) D:4

Altars:
Ashenzari
Cheibriados
Dithmenos
Elyvilon
Fedhas
Gozag
Kikubaaqudgha
Makhleb
Nemelex Xobeh
Qazlal
Ru
Sif Muna
Trog
Uskayaw
Vehumet
Wu Jian
Xom
Zin
The Shining One

Shops:
D:1 (   D:3 ?


Message History

Aim: an orc, wielding a +0 short sword and wearing a +0 ring mail (75% to hit)
The stone arrow misses the orc.
The stone arrow hits the orc!
You kill the orc!
Sif Muna accepts your kill.
Casting: Stone Arrow (dangerous; 5% risk of failure)
Confirm with . or Enter, or press ? or * to list all spells.
Aiming: Stone Arrow (dangerous; 5% risk of failure)
Press: ? - help, Shift-Dir - straight line, f/p - orc
Aim: an orc, wielding a +0 short sword and wearing a +0 ring mail (75% to hit)
The stone arrow hits the orc!
You kill the orc!
Sif Muna accepts your kill. Something hits you.
Deactivating autopickup; reactivate with Ctrl-A.
An orc comes into view. It is wielding a +0 trident.
A centaur comes into view.
An iguana comes into view.
Your Transmutations skill increases to level 4!
Casting: Stone Arrow (dangerous; 5% risk of failure)
Confirm with . or Enter, or press ? or * to list all spells.
Aiming: Stone Arrow (dangerous; 5% risk of failure)
Press: ? - help, Shift-Dir - straight line, f - centaur
Aim: a centaur, quivering arrows (83% to hit)
You miscast Stone Arrow.
You are very lightly contaminated with residual magic.
Nothing appears to happen.
The iguana hisses angrily.
The orc shouts!
You hear a roar!
Something hits you.
The centaur wields a +0 shortbow.
The centaur shoots an arrow.
The arrow hits you but does no damage.
Casting: Stone Arrow (dangerous; 5% risk of failure)
Confirm with . or Enter, or press ? or * to list all spells.
Aiming: Stone Arrow (dangerous; 5% risk of failure)
Press: ? - help, Shift-Dir - straight line, f/p - centaur
Aim: a centaur, wielding a +0 shortbow and quivering arrows (83% to hit)
The stone arrow hits something!!
Something hits you. Something hits you but does no damage.
The centaur shoots an arrow.
The centaur shoots an arrow.
The arrow hits you! Something hits you!
* * * LOW HITPOINT WARNING * * *
The centaur shoots an arrow.
The arrow hits you!
You die...

...............###..+###..
........#............ #..
##......#...###...... ###
##.....#...# ......
##....#...# ......
#....#...###.....
⌠.#.+##..........
.#............#
#.....@......#
#....##...?.### .....
#.....#### ####
#.......... #).....(...
.co.)........
...l...........
...l###.###...... ...# .#.
#.....


You could see a centaur, an iguana and an orc.

Vanquished Creatures
  A water moccasin (D:5)
  An ogre (D:5)
  A phantom (D:5)
  A bullfrog (D:5)
  3 scorpions (D:5)
  A howler monkey (D:5)
  3 hounds
  A jelly (D:4)
  Natasha (thrice) (D:3)
  An orc wizard (D:6)
  3 hound skeletons (D:5)
  4 gnolls (D:4)
  8 adders
  An ufetubus (D:4)
  An adder zombie (D:5)
  An adder skeleton (D:4)
  3 dart slugs
  3 worms
  3 orcs (D:6)
  9 ball pythons
  11 endoplasms
  A giant cockroach (D:1)
  9 goblins
  5 hobgoblins
  4 jackals
  A quokka (D:1)
  7 bats
  4 frilled lizards
  4 kobolds
  9 rats
107 creatures vanquished.

Vanquished Creatures (others)
  A human (D:4)
1 creature vanquished.

Grand Total: 108 creatures vanquished

Notes
Turn   | Place    | Note
-------+----------+-------------------------------------------
     0 | D:1      | voltaire321 the Deep Elf Earth Elementalist began the quest
                  | for the Orb.
     0 | D:1      | Reached XP level 1. HP: 10/10 MP: 6/6
   261 | D:1      | Reached XP level 2. HP: 15/15 MP: 5/8
   264 | D:1      | Learned a level 2 spell: Passwall
   578 | D:1      | Found Jorihin's Antique Weapon Emporium.
  1167 | D:1      | Reached XP level 3. HP: 18/20 MP: 9/9
  1353 | D:2      | Found a sparkling altar of Nemelex Xobeh.
  1495 | D:2      | Found a faded altar of an unknown god.
  1936 | D:2      | Reached skill level 1 in Fighting
  2645 | D:3      | Learned a level 3 spell: Stone Arrow
  3078 | D:3      | Reached XP level 4. HP: 21/25 MP: 9/11
  3468 | D:3      | Noticed Natasha
  3470 | D:3      | Killed Natasha
  3680 | D:3      | Noticed Natasha
  3688 | D:3      | Killed Natasha
  3689 | D:3      | Reached skill level 1 in Conjurations
  3692 | D:3      | Noticed Natasha
  3697 | D:3      | Killed Natasha
  3698 | D:3      | Reached XP level 5. HP: 26/29 MP: 8/13
  3748 | D:3      | Identified the +1 hand axe "Bohavem" {chaos, rC+ rCorr
                  | Str+3 Stlth+}
  3847 | D:3      | Found Qietiubu's Magic Scroll Shoppe.
  3854 | D:3      | Bought a scroll of identify for 20 gold pieces
  4280 | D:4      | Found an ancient bone altar of Kikubaaqudgha.
  4280 | D:4      | Noticed a human
  4283 | D:4      | Killed a human
  4645 | D:4      | Found a staircase to the Ecumenical Temple.
  4664 | Temple   | Entered the Ecumenical Temple
  4692 | Temple   | Became a worshipper of Sif Muna the Loreminder
  5131 | D:4      | Found a glowing golden altar of the Shining One.
  5192 | D:4      | Reached XP level 6. HP: 35/35 MP: 12/14
  5278 | D:4      | Noticed a moth of wrath
  5281 | D:4      | Found a bloodstained altar of Trog.
  5671 | D:5      | Entered Level 5 of the Dungeon
  5681 | D:5      | Reached skill level 1 in Invocations
  5767 | D:5      | Found a radiant altar of Vehumet.
  5876 | D:5      | Reached XP level 7. HP: 29/40 MP: 4/16
  6009 | D:5      | Found a shimmering altar of Xom.
  6030 | D:5      | Reached skill level 5 in Spellcasting
  6254 | D:5      | Found a white marble altar of Elyvilon.
  6310 | D:5      | Reached * piety under Sif Muna
  6311 | D:5      | Reached skill level 5 in Earth Magic
  6456 | D:5      | Identified the ring of Yruismog {rElec Str+3 Dex-2 SInv}
  6733 | D:6      | Reached XP level 8. HP: 40/45 MP: 14/18
  6742 | D:6      | Shot with an arrow by a centaur

Illustrated notes

Levels and vault maps discovered:
D:1:      lemuel_arrival_funnel, layout_basic, serial_shops, shop, minivault_11
D:2:      layout_rooms, hellmonk_ecumenical_altar_blasted, basic_altar
D:3:      layout_loops_corners, serial_shops, shop, serial_co_window_serial,
          co_window_paths_a, co_window_paths_a, co_window_corner_a,
          co_window_paths_b, co_window_of_opportunity_a, co_window_corner_ca,
          co_window_corner_b, co_window_broadway_c, co_window_corner_b,
          co_window_of_opportunity_b, co_window_4corner_b, co_window_4corner_a,
          kennysheep_generic_room_3, uniq_natasha
D:4:      layout_cave_pools, tso_oasis_becter, tgw_kikubaaqudgha, tgw_trog,
          minmay_temple_entry_waves, serial_co_window_serial,
          co_window_corner_a, co_window_corner_a, co_window_corner_a,
          co_window_of_opportunity_a, co_window_corner_a, co_window_corner_ca,
          co_window_corner_b, co_window_corner_cb, co_window_broadway_b,
          co_window_corner_ca, co_window_corner_b, glass_columns_a,
          glass_columns_a, glass_columns_a, glass_columns_b
D:5:      layout_rooms, nicolae_vehumet_altar_sigil,
          nicolae_elyvilon_peaceful_grove, amcnicky_altar_gilded,
          chequers_mini_garden
D:6:      layout_gridville, serial_shops, nicolae_shop_hallway_plus,
          hangedman_decor_growths, grunt_decor_mini_mirrors, minmay_manual_mail
Temple:   chequers_temple_sunken

Skill      XL: |  1  2  3  4  5  6  7  8 |
---------------+-------------------------+-----
Dodging        | 3 4 |  4.9
Fighting       | 1 2 |  2.7
Transmutations | 2 3 4 |  4.0
Spellcasting   | 4 5 |  5.5
Conjurations   | 1 2 3 |  3.4
Earth Magic    | 4 5 |  5.1
Invocations    | 1 2 |  2.7
Stealth        | |  2.4

Action                   |  1- 3 |  4- 6 |  7- 9 || total
-------------------------+-------+-------+-------++-------
Melee: Unarmed           |     1 |       |       ||     1
       Short sword       |   109 |    39 |       ||   148
       Punch             |     1 |     1 |       ||     2
       Flail             |       |     8 |       ||     8
 Cast: Sandblast         |    28 |    58 |     8 ||    94
       Stone Arrow       |       |     2 |    25 ||    27
  Use: Scroll            |       |       |     5 ||     5
 Stab: Sleeping          |     7 |     5 |       ||    12
Armor: Robe              |    24 |    13 |     3 ||    40
Dodge: Dodged            |    91 |    54 |     7 ||   152

Table legend: (Time is in decaauts)
 A = Elapsed time spent in this place.
 B = Non-inter-level travel time spent in this place.
 C = Inter-level travel time spent in this place.
 D = Time resting spent in this place.
 E = Time spent auto-exploring this place.
 F = Levels seen in this place.
 G = Mean time per level.
                   A        B        C        D        E       F      G
               +--------+--------+--------+--------+--------+-----+--------+
         Total |   6769 |   6602 |    167 |   1526 |   3997 |   7 |  967.0 |
       Dungeon |   6705 |   6564 |    141 |   1526 |   3997 |   6 | 1117.5 |
        Temple |     63 |     37 |     26 |      0 |      0 |   1 |   63.0 |
               +--------+--------+--------+--------+--------+-----+--------+

Top non-repeatable levels by time:
     D:3: 1992 daAuts
     D:4: 1402 daAuts
     D:1: 1271 daAuts
     D:2: 965 daAuts
     D:5: 902 daAuts
     D:6: 170 daAuts
  Temple: 63 daAuts
